 Dungeon Crawl Stone Soup version 0.22.1-6-g1668fe2c40 (webtiles) character file.

71046 gg2u2 the Severer (level 14, -31/130 HPs)
             Began as a Minotaur Fighter on Jan 21, 2019.
             Was the Champion of Okawaru.
             Killed from afar by a deep elf knight (40 damage)
             ... with a shard of ice
             ... on level 1 of the Elven Halls on Jan 25, 2019.
             The game lasted 01:21:19 (16679 turns).

gg2u2 the Severer (Minotaur Fighter)               Turns: 16679, Time: 01:21:20

Health: -31/130    AC: 17    Str: 25    XL:     14   Next: 96%
Magic:  0/13       EV: 14    Int:  3    God:    Okawaru [******]
Gold:   1458       SH: 15    Dex: 16    Spells: 13/13 levels left

rFire    + + +     SeeInvis +   P - +12 war axe "Killer Bee's Foe" {protect, Fragile +Inv rPois Dex+5}
rCold    x . .     Gourm    .   E - +1 shield {AC+3}
rNeg     . . .     Faith    .   s - +1 fire dragon scales
rPois    +         Spirit   +   t - +0 hat
rElec    .         Reflect  .   u - scarf {repulsion}
rCorr    .         Harm     .   q - +0 pair of gloves
MR       ++...                  (no boots)
Stlth    +.........             z - amulet of guardian spirit
HPRegen  0.31/turn              k - ring of see invisible
MPRegen  0.13/turn              j - ring of protection from magic

@: repel missiles
A: retaliatory headbutt, claws 1, horns 2, dopey 1, fire resistance 1
a: Heroism, Finesse, Renounce Religion, Evoke Invisibility


You were on level 1 of the Elven Halls.
You worshipped Okawaru.
Okawaru was exalted by your worship.
You were very hungry.

You visited 3 branches of the dungeon, and saw 18 of its levels.

You collected 1458 gold pieces.

Inventory:

Hand Weapons
 b - a +0 great sword of slicing
 w - a +1 battleaxe
 F - a +4 dire flail
 G - a +1 glaive of venom
 K - a +0 battleaxe
 P - the +12 war axe "Killer Bee's Foe" (weapon) {protect, Fragile +Inv rPois Dex+5}
   (You found it on level 6 of the Dungeon)

   It protects the one who uses it against injury (+AC on strike).
   It affects your dexterity (+5).
   It protects you from poison.
   It lets you turn invisible.
   It will be destroyed if unequipped.
 T - a +1 executioner's axe of freezing
Armour
 c - a +0 pair of gloves
 q - a +0 pair of gloves (worn)
 s - +1 fire dragon scales (worn)
 t - a +0 hat (worn)
 u - a scarf of repulsion (worn)
 y - a scarf of spirit shield
 E - a +1 shield of protection (worn)
 H - a +0 cloak of invisibility
 N - a +0 plate armour
 Z - +0 steam dragon scales
Magical Staves
 B - an uncursed staff of earth {unknown}
Jewellery
 a - a +3 ring of slaying
 i - an uncursed ring of wizardry
 j - a ring of protection from magic (right hand)
 k - a ring of see invisible (left hand)
 v - an uncursed ring of stealth
 z - an amulet of guardian spirit (around neck)
 A - an uncursed ring of ice {unknown}
 O - an uncursed ring of flight {unknown}
 Q - an uncursed amulet of the gourmand
Wands
 g - a wand of flame (38)
 m - a wand of polymorph (16)
 R - a wand of digging (31)
 Y - a wand of paralysis (17)
Scrolls
 e - a scroll of amnesia
 h - a scroll of fear {unknown}
 r - a scroll of noise
 C - a scroll of random uselessness
 D - a scroll of summoning {unknown}
 I - 10 scrolls of remove curse
 L - a scroll of acquirement
 M - 2 scrolls of enchant weapon {unknown}
 S - 2 scrolls of fog
 V - a scroll of enchant armour
 W - a scroll of magic mapping
 X - a scroll of teleportation
Potions
 d - 3 potions of might
 l - 5 potions of lignification {unknown}
 n - 5 potions of mutation
 p - 8 potions of curing
 x - 2 potions of cancellation
 J - a potion of brilliance
 U - a potion of magic
Comestibles
 f - 28 rations


   Skills:
 + Level 13.6 Fighting
 - Level 4.0 Long Blades
 * Level 20.2 Axes
 + Level 11.3 Armour
 + Level 6.3 Dodging
 + Level 2.3 Stealth
 + Level 13.2 Shields
 + Level 0.1 Invocations


You had 13 spell levels left.
You didn't know any spells.
Your spell library contained the following spells:

 Spells                   Type           Power        Failure   Level  Hunger
 Animate Skeleton         Necr           N/A          87%         1    ##.....
 Apportation              Tloc           #.....       87%         1    ##.....
 Confusing Touch          Hex            #.....       87%         1    ##.....
 Summon Small Mammal      Summ           #...         87%         1    ##.....
 Poisonous Vapours        Pois/Air       #.....       95%         2    ###....
 Confuse                  Hex            #.......     99%         3    ####...
 Conjure Flame            Conj/Fire      #.......     99%         3    ####...
 Gell's Gravitas          Tloc           #.........   99%         3    ####...
 Mephitic Cloud           Conj/Pois/Air  #.......     99%         3    ####...
 Petrify                  Tmut/Erth      #.......     100%        4    #####..
 Metabolic Englaciation   Hex/Ice        #.........   100%        5    ######.
 Yara's Violent Unravell  Hex/Tmut       #.........   100%        5    ######.
 Freezing Cloud           Conj/Ice/Air   #.........   100%        6    #######
 Ring of Flames           Chrm/Fire      #.........   100%        7    #######


Dungeon Overview and Level Annotations

Branches:
Dungeon (15/15)            Temple (0/1) D:7            Lair (0/6) D:10
    Orc (2/2) D:12            Elf (1/3) Orc:2        Vaults (0/5) D:14
 Depths (0/5) D:15

Altars:
Dithmenos
Gozag
Hepliaklqana
Makhleb
Nemelex Xobeh
Okawaru
Sif Muna
Trog
Xom
Beogh

Shops:
D:4 [   Orc:2 %*(==[[

Portals:
Trove: D:12 (lose all piety)

Annotations:
D:6 1 runed door, chimenez's ghost, novice TrBe
Elf:1 Frances


Innate Abilities, Weirdness & Mutations

You reflexively headbutt those who attack you in melee.
You have a pair of horns on your head.
You have sharp fingernails.
You are dopey. (Int -2)
Your flesh is heat resistant. (rF+)


Message History

The deep elf knight points at you and mumbles some strange words.
You block the shard of ice.
You block the demonic crawler's attack. x3
You feel sick.
You are no longer poisoned.
There is an open door here.
You block the demonic crawler's attack. The demonic crawler misses you.
The demonic crawler closely misses you.
Frances chants phrases taken from a devil's mouth.
The deep elf mage casts a spell.
You are no longer corroded.
You block the demonic crawler's attack. x2
The demonic crawler closely misses you.
Frances mutters a nigh-unspeakable word.
Frances is no longer moving quickly.
You block the deep elf knight's attack.
The demonic crawler hits you but does no damage.
The demonic crawler closely misses you. You block the demonic crawler's attack.
The deep elf knight points at you and mumbles some strange words.
The shard of ice hits you!
You feel a painful chill!
You die...

##......###.....##
##..>.....#.....[.##
#..................##
#...................#
#...................#
#.[.................#
#...................#
#.......s..........##
######....@..e.@.......##
#E..44................##
###
#Ee###..........#####'#
##.. #.ยง#
##.........+.....# ##...
#..# ##.......######.#
##.... #4@# ##.....## #.#
#..... #.e# ##.#### #.#
#..... #.E# #.#
#.#####..... #Ye# #.#
#.....'.....


You could see Frances, a demonic crawler and a deep elf knight (invisible).

Vanquished Creatures
  An orc warlord (Orc:2)
  A rakshasa (D:15)
  3 vault guards (D:14)
  6 centaur warriors
  6 two-headed ogres
  2 death knights (D:15)
  2 dancing weapons (Elf:1)
  2 tengu warriors (D:13)
  2 deep elf knights (Elf:1)
  2 orc high priests (Orc:2)
  2 deep elf archers
  3 unseen horrors
  2 wizards (D:14)
  10 deep elf magi (Elf:1)
  A wolf spider zombie (D:15)
  13 ugly things
  6 orc knights
  8 orc sorcerers
  2 cyclopes
  2 manticores
  Joseph (D:7)
  4 yaktaurs (D:15)
  2 gargoyles
  An efreet (D:13)
  A komodo dragon (shapeshifter) (D:13)
  3 freezing wraiths (D:15)
  A jumping spider (shapeshifter) (D:13)
  A troll (shapeshifter) (Elf:1)
  7 trolls
  Prince Ribbit (D:7)
  2 hornets
  2 hippogriffs
  10 slime creatures
  2 shadows
  A vampire (D:12)
  4 wraiths
  A basilisk (D:11)
  Sigmund (D:3)
  A fire elemental (Elf:1)
  3 humans
  A hungry ghost (D:12)
  33 yaks
  A steam dragon (D:11)
  Edmund (D:6)
  2 wargs
  A naga (shapeshifter) (D:14)
  2 soldier ants
  A water moccasin (D:13)
  4 black bears
  A floating eye (shapeshifter) (D:15)
  2 phantoms
  39 orc warriors
  5 sky beasts
  4 ice beasts
  An ogre (shapeshifter) (D:15)
  18 ogres
  4 boggarts (D:15)
  24 centaurs
  A crocodile (D:12)
  3 big kobolds
  13 bullfrogs
  2 gnoll sergeants (D:12)
  A wyvern zombie (D:14)
  An earth elemental (Elf:1)
  6 scorpions
  A wyvern skeleton (D:12)
  15 wights
  11 killer bees
  2 howler monkeys (D:4)
  2 bullfrog zombies
  A lava snake (D:11)
  5 crimson imps
  4 centaur zombies
  7 hounds
  A jelly (D:10)
  20 orc priests
  A bullfrog skeleton (D:7)
  13 orc wizards
  12 centaur skeletons
  Terence (D:3)
  Jessica (D:2)
  3 iguanas
  Natasha (thrice) (D:3)
  8 worker ants
  2 hound skeletons
  A howler monkey zombie (D:11)
  17 gnolls
  19 adders
  5 shadow imps
  4 oozes
  2 worms
  2 dart slugs (D:2)
  5 leopard geckos
  84 orcs
  2 ball pythons
  2 giant cockroaches
  6 goblins
  3 hobgoblins
  11 jackals
  8 quokkas
  7 bats
  6 frilled lizards
  A giant cockroach zombie (D:5)
  17 kobolds
  A leopard gecko skeleton (D:5)
  2 quokka skeletons
  4 rats
  11 fungi (Orc:2)
629 creatures vanquished.

Vanquished Creatures (others)
  A two-headed ogre (D:10)
  A water moccasin (D:13)
  An orc wizard (D:12)
  An adder (D:10)
  A quokka (D:10)
  5 fungi (Orc:2)
  5 toadstools (D:1)
15 creatures vanquished.

Grand Total: 644 creatures vanquished

Notes
Turn   | Place    | Note
-------+----------+-------------------------------------------
     0 | D:1      | gg2u2 the Minotaur Fighter began the quest for the Orb.
     0 | D:1      | Reached XP level 1. HP: 19/19 MP: 0/0
   772 | D:2      | Reached XP level 2. HP: 27/27 MP: 1/1
  1035 | D:2      | Noticed Jessica
  1045 | D:2      | Found a hazy altar of Hepliaklqana.
  1045 | D:2      | Found an iron altar of Okawaru.
  1052 | D:2      | Killed Jessica
  1052 | D:2      | Reached XP level 3. HP: 23/33 MP: 2/2
  1110 | D:2      | Became a worshipper of Warmaster Okawaru
  1248 | D:2      | Reached XP level 4. HP: 35/41 MP: 3/3
  1338 | D:3      | Noticed a centaur
  1341 | D:3      | Found a sparkling altar of Nemelex Xobeh.
  1344 | D:3      | Killed a centaur
  1344 | D:3      | Reached XP level 5. HP: 29/47 MP: 4/4
  1369 | D:3      | Reached skill level 5 in Fighting
  1369 | D:3      | Reached skill level 5 in Armour
  1422 | D:3      | Noticed Terence
  1443 | D:3      | Reached skill level 1 in Dodging
  1663 | D:3      | Reached skill level 5 in Shields
  1672 | D:3      | Killed Terence
  1672 | D:3      | Reached XP level 6. HP: 48/56 MP: 5/5
  1682 | D:3      | Reached * piety under Okawaru
  1753 | D:3      | Noticed Sigmund
  1759 | D:3      | Killed Sigmund
  1759 | D:3      | Reached skill level 1 in Axes
  1818 | D:3      | Noticed Natasha
  1823 | D:3      | Killed Natasha
  1849 | D:3      | Found a faded altar of an unknown god.
  1905 | D:3      | Reached skill level 2 in Axes
  1906 | D:3      | Reached XP level 7. HP: 61/61 MP: 6/6
  1987 | D:3      | Noticed Natasha
  1992 | D:3      | Killed Natasha
  2008 | D:3      | Noticed Natasha
  2015 | D:3      | Killed Natasha
  2015 | D:3      | Reached ** piety under Okawaru
  2131 | D:4      | Reached skill level 3 in Axes
  2203 | D:4      | Reached skill level 4 in Axes
  2227 | D:4      | Found Ogops's Antique Armour Boutique.
  2300 | D:4      | Reached skill level 5 in Axes
  2328 | D:4      | Reached XP level 8. HP: 48/70 MP: 7/7
  2339 | D:4      | Reached skill level 6 in Axes
  2946 | D:5      | Entered Level 5 of the Dungeon
  3059 | D:5      | Reached *** piety under Okawaru
  3344 | D:5      | Reached skill level 7 in Axes
  3769 | D:6      | Got a smoking war axe
  3770 | D:6      | Found a runed door.
  3772 | D:6      | Noticed chimenez's ghost (novice TrBe)
  3780 | D:6      | Identified the +12 war axe "Killer Bee's Foe" {protect,
                  | Fragile +Inv rPois Dex+5} (You found it on level 6 of the
                  | Dungeon)
  3822 | D:6      | Reached skill level 8 in Axes
  3833 | D:6      | Noticed Edmund
  3843 | D:6      | Killed Edmund
  4066 | D:6      | Found an opulent altar of Gozag.
  4429 | D:6      | Reached skill level 9 in Axes
  4533 | D:6      | Reached XP level 9. HP: 75/75 MP: 8/8
  4639 | D:6      | Found a shadowy altar of Dithmenos.
  5023 | D:7      | Found a staircase to the Ecumenical Temple.
  5060 | D:7      | Reached **** piety under Okawaru
  5060 | D:7      | Reached skill level 1 in Stealth
  5141 | D:7      | Reached skill level 10 in Axes
  5216 | D:7      | Reached skill level 11 in Axes
  5249 | D:7      | Noticed Joseph
  5261 | D:7      | Killed Joseph
  5261 | D:7      | Reached ***** piety under Okawaru
  5401 | D:7      | Noticed Prince Ribbit
  5409 | D:7      | Killed Prince Ribbit
  5858 | D:7      | You fall through a shaft!
  5863 | D:8      | Reached XP level 10. HP: 74/86 MP: 9/9
  6072 | D:8      | Reached skill level 12 in Axes
  6478 | D:8      | Found a bloodstained altar of Trog.
  6542 | D:8      | Received a gift from Okawaru
  6564 | D:8      | Gained mutation: You are dopey. (Int -2) [potion of
                  | mutation]
  6564 | D:8      | Gained mutation: You have sharp fingernails. [potion of
                  | mutation]
  6564 | D:8      | Gained mutation: Your flesh is heat resistant. (rF+)
                  | [potion of mutation]
  6869 | D:9      | Found a deep blue altar of Sif Muna.
  7533 | D:10     | Entered Level 10 of the Dungeon
  7577 | D:10     | Killed a two-headed ogre
  7597 | D:10     | Reached skill level 13 in Axes
  7625 | D:10     | Found a staircase to the Lair.
  7675 | D:10     | Found a shimmering altar of Xom.
  7675 | D:10     | Noticed a two-headed ogre
  7682 | D:10     | Killed a two-headed ogre
  7682 | D:10     | Received a gift from Okawaru
  7737 | D:10     | Noticed a two-headed ogre
  7743 | D:10     | Killed a two-headed ogre
  7743 | D:10     | Reached XP level 11. HP: 68/95 MP: 10/10
  7744 | D:10     | Reached skill level 14 in Axes
  7845 | D:10     | Noticed an unseen horror
  7848 | D:10     | Killed an unseen horror
  8264 | D:11     | Reached skill level 15 in Axes
  8574 | D:11     | Reached ****** piety under Okawaru
  8597 | D:11     | Reached skill level 16 in Axes
  8697 | D:11     | Received a gift from Okawaru
  8991 | D:12     | Reached XP level 12. HP: 103/105 MP: 11/11
  8997 | D:12     | Noticed a two-headed ogre
  9006 | D:12     | Killed a two-headed ogre
  9124 | D:12     | Reached skill level 10 in Fighting
  9577 | D:12     | Found a portal to a secret trove of treasure.
  9652 | D:12     | Found a staircase to the Orcish Mines.
  9658 | D:12     | Reached skill level 17 in Axes
 10126 | D:12     | Found an iron altar of Okawaru.
 10337 | D:13     | Received a gift from Okawaru
 10468 | D:13     | Noticed a centaur warrior
 10482 | D:13     | Killed a centaur warrior
 10538 | D:13     | Reached skill level 10 in Shields
 10602 | D:13     | Noticed a centaur warrior
 10614 | D:13     | Killed a centaur warrior
 10782 | D:13     | Reached skill level 18 in Axes
 10782 | D:13     | Reached XP level 13. HP: 115/115 MP: 12/12
 11267 | D:13     | Identified 2 scrolls of acquirement
 11403 | D:14     | Reached skill level 10 in Armour
 11423 | D:14     | Reached skill level 5 in Dodging
 11433 | D:14     | Received a gift from Okawaru
 12661 | D:14     | Found a gate to the Vaults.
 12779 | D:15     | Entered Level 15 of the Dungeon
 13294 | D:15     | Reached skill level 19 in Axes
 13294 | D:15     | Reached XP level 14. HP: 94/127 MP: 8/13
 13395 | D:15     | Received a gift from Okawaru
 13694 | D:15     | Found a staircase to the Depths.
 14683 | Orc:1    | Entered Level 1 of the Orcish Mines
 14860 | Orc:2    | Entered Level 2 of the Orcish Mines
 14914 | Orc:2    | Found Verruv's Antique Weapon Shoppe.
 14914 | Orc:2    | Found a roughly hewn altar of Beogh.
 14947 | Orc:2    | Found Taleicw's Jewellery Shoppe.
 15086 | Orc:2    | Found Myneq's Food Emporium.
 15148 | Orc:2    | Found a burning altar of Makhleb.
 15169 | Orc:2    | Found Addaoleune's General Store.
 15296 | Orc:2    | Found Rykhy's Armour Shop.
 15322 | Orc:2    | Found a staircase to the Elven Halls.
 15760 | Orc:2    | Noticed an orc warlord
 15775 | Orc:2    | Killed an orc warlord
 15775 | Orc:2    | Received a gift from Okawaru
 15834 | Orc:2    | Found Anler's Antique Armour Emporium.
 15842 | Orc:2    | Found Wolekeh's Jewellery Shoppe.
 16440 | Elf:1    | Entered Level 1 of the Elven Halls
 16452 | Elf:1    | Reached skill level 20 in Axes
 16638 | Elf:1    | Noticed Frances
 16660 | Elf:1    | HP: 6/130 [Frances/iron shot (30)]
 16665 | Elf:1    | HP: 5/130 [poisoned by a deep elf mage]
 16679 | Elf:1    | Killed from afar by a deep elf knight

Skill      XL: |  1  2  3  4  5  6  7  8  9 10 11 12 13 14 |
---------------+-------------------------------------------+-----
Fighting       | 4 5 6 7 8 9 10 12 13 | 13.6
Armour         | 4 5 6 7 8 9 10 11 | 11.3
Shields        | 4 5 6 7 8 10 12 13 | 13.2
Long Blades    | 3 4 |  4.0
Dodging        | 1 2 3 4 5 6 |  6.3
Axes           | 2 5 9 11 13 16 18 19 20 | 20.2
Stealth        | 1 2 |  2.3
Invocations    | |  0.1

Action                   |  1- 3 |  4- 6 |  7- 9 | 10-12 | 13-15 || total
-------------------------+-------+-------+-------+-------+-------++-------
Melee: Long sword        |    56 |    37 |       |       |       ||    93
       Headbutt          |     9 |    17 |    52 |   101 |   165 ||   344
       War axe           |       |    24 |   241 |   503 |   548 ||  1316
Invok: Heroism           |       |       |     2 |     1 |     5 ||     8
  Use: Scroll            |     1 |       |     6 |    11 |    14 ||    32
       Potion            |       |       |       |    10 |     6 ||    16
  Eat: Chunk             |     1 |     2 |     6 |     9 |     2 ||    20
       Ration            |       |       |     2 |     4 |     3 ||     9
Armor: Scale mail        |    20 |       |       |       |       ||    20
       Fire dragon scale |     6 |    35 |    78 |   161 |   158 ||   438
Dodge: Dodged            |    11 |    18 |    68 |   152 |   199 ||   448
       Deflected         |       |       |       |    16 |    15 ||    31
Block: Shield            |    33 |    35 |   125 |   289 |   370 ||   852
       Rpst.: Long sword |     4 |     6 |       |       |       ||    10
